 Dungeon Crawl Stone Soup version 0.28.0 (webtiles) character file.

Game seed: 2685980609097395719

32 Sharkman1231 the Sneak (level 3, 0/29 HPs)
             Began as a Demonspawn Delver on Feb 6, 2022.
             Slain by a hound (2 damage)
             ... on level 5 of the Dungeon.
             The game lasted 00:00:49 (749 turns).

Sharkman1231 the Sneak (Demonspawn Delver)           Turns: 749, Time: 00:00:50

Health: 0/29       AC:  3    Str: 12    XL:     3   Next: 8%
Magic:  12/12      EV: 12    Int: 11    God:
Gold:   17         SH:  0    Dex: 16    Spells: 2/2 levels left

rFire   . . .      SeeInvis .   a - +0 falchion
rCold   . . .      Faith    .   (no shield)
rNeg    . . .      Spirit   .   b - +0 leather armour
rPois   .          Reflect  .   (no helmet)
rElec   .          Harm     .   (no cloak)
rCorr   .          Rampage  .   (no gloves)
Will    .....                   (no boots)
Stlth   +++.......              (no amulet)
HPRegen 0.09/turn               h - ring of magical power
MPRegen 0.13/turn               (no ring)

@: no status effects
A: ignite blood 1
a: no special abilities


You were on level 5 of the Dungeon.
You visited 1 branch of the dungeon, and saw 2 of its levels.

You collected 17 gold pieces.

Inventory:

Hand Weapons
 a - a +0 falchion (weapon)
Armour
 b - a +0 leather armour (worn)
Jewellery
 h - a ring of magical power (left hand)
Wands
 g - a wand of digging (3)
Scrolls
 c - a scroll of fog
 d - a scroll of magic mapping
 e - a scroll of fear
Potions
 f - 2 potions of haste


   Skills:
 + Level 3.2 Fighting
 * Level 2.4 Long Blades
 + Level 2.1 Dodging
 - Level 4.5 Stealth
 + Level 1.0 Evocations


You had 2 spell levels left.
You didn't know any spells.
Your spell library was empty.

Dungeon Overview and Level Annotations

Branches:
Dungeon (5/15)
 Temple: D:4-7

Altars:

Shops:
D:5 (


Innate Abilities, Weirdness & Mutations

Your demonic aura sometimes causes spilled blood to erupt in flames.


Message History

The hound is moderately wounded.
The hound bites you but does no damage. The hound bites you.
You closely miss the hound.
The hound is moderately wounded.
The hound bites you. The hound closely misses you.
Unknown command.
You close the door.
You start resting.
Magic restored.
You start resting.
HP restored.
You open the door.
The hound barks!
You hit the hound but do no damage. The hound closely misses you.
You completely miss the hound. The hound bites you but does no damage.
The hound barely misses you.
You closely miss the hound. The hound bites you. x2
You closely miss the hound. The hound misses you. The hound barely misses you.
You closely miss the hound. The hound bites you. The hound barely misses you.
You hit the hound but do no damage. Your punch misses the hound.
The hound closely misses you.
You hit the hound.
The hound is moderately wounded.
The hound bites you. x2
You hit the hound but do no damage.
The hound is moderately wounded.
The hound bites you. The hound bites you but does no damage.
You hit the hound.
The hound is severely wounded.
The hound bites you. The hound closely misses you.
You closely miss the hound.
The hound is severely wounded.
The hound bites you.
* * * LOW HITPOINT WARNING * * *
You barely miss the hound.
The hound is severely wounded.
The hound bites you.
* * * LOW HITPOINT WARNING * * *
The hound bites you.
You die...

#.........#
#########.........#
#...........#######
#...........#
#.......(...#
#...........#
#.........#'######
##....##h≈#.≈....#
#....#@###.≈≈#..#
#....#.+..∩..+ +
########....#.#≈≈[###
............#..#≈.#≈...
............##+##+#....#
........##### ##....
........# .... #.......#
... #.......# ..


You could see a hound.

Vanquished Creatures
  A hound skeleton (D:4)
  2 adders (D:4)
3 creatures vanquished.

Notes
Turn   | Place    | Note
-------+----------+-------------------------------------------
     0 | D:5      | Sharkman1231 the Demonspawn Delver began the quest for the
                  | Orb.
     0 | D:5      | Reached XP level 1. HP: 18/18 MP: 1/1
    47 | D:4      | Gained mutation: Your demonic aura sometimes causes spilled
                  | blood to erupt in flames. [demonic ancestry]
    47 | D:4      | Reached XP level 2. HP: 17/24 MP: 2/2
   398 | D:4      | Reached skill level 1 in Evocations
   398 | D:4      | Reached XP level 3. HP: 22/29 MP: 3/3
   485 | D:4      | Noticed an ogre
   527 | D:5      | Found Quzat's Antique Weapon Shoppe.
   749 | D:5      | Slain by a hound

Illustrated notes

Levels and vault maps discovered:
D:4:      layout_gridville
D:5:      layout_gridville, serial_shops, nicolae_shop_hallway_plus,
          uniq_eustachio, uniq_prince_ribbit1

Skill      XL: |  1  2 |
---------------+-------+-----
Long Blades    | 2 |  2.4
Dodging        | 2 |  2.1
Evocations     | 1 |  1.0
Fighting       | |  3.2
Stealth        | |  4.5

Action                   || total
-------------------------++-------
Melee: Falchion          ||    43
Armor: Leather armour    ||     9
Dodge: Dodged            ||    34
